 Dungeon Crawl Stone Soup version 0.23-a0-612-gcb482e9 (console) character file.

410 Duffy the Chopper (level 6, 2/52 HPs)
             Began as a Naga Gladiator on Dec 21, 2018.
             Quit the game on level 3 of the Dungeon.
             The game lasted 00:01:37 (1447 turns).

Duffy the Chopper (Naga Gladiator)                  Turns: 1447, Time: 00:01:38

Health: 2/52       AC:  5    Str: 18    XL:     6   Next: 89%
Magic:  6/6        EV:  9    Int:  9    God:
Gold:   72         SH:  0    Dex: 12    Spells: 5/5 levels left

rFire    . . .     SeeInvis +   a - +0 war axe
rCold    . . .     Gourm    .   (no shield)
rNeg     . . .     Faith    .   j - +0 ring mail
rPois    +         Spirit   .   c - +0 helmet
rElec    .         Reflect  .   (no cloak)
rCorr    .         Harm     .   (no gloves)
MR       .....                  (no barding)
Stlth    +.........             (no amulet)
HPRegen  0.17/turn              (no ring)
MPRegen  0.10/turn              (no ring)

@: short of breath, very slow
A: large, see invisible, deformed body, poison resistance, slowness 2, slow
metabolism 1, spit poison 1, AC +2
a: Spit Poison


You were on level 3 of the Dungeon.
You were not hungry.

You visited 1 branch of the dungeon, and saw 5 of its levels.

You collected 72 gold pieces.

Inventory:

Hand Weapons
 a - a +0 war axe (weapon)
Missiles
 d - 2 throwing nets (quivered)
Armour
 b - a +0 leather armour
 c - a +0 helmet (worn)
 j - a +0 ring mail (worn)
Wands
 l - a wand of acid (9)
Scrolls
 i - a scroll of teleportation {unknown}
 k - a scroll of immolation {unknown}
 o - a scroll of amnesia {unknown}
Potions
 e - 2 potions of heal wounds {unknown}
 g - a potion of haste {unknown}
 h - a potion of resistance {unknown}
 m - 2 potions of curing {unknown}
Comestibles
 f - 3 rations
 n - 2 chunks of flesh


   Skills:
 - Level 2.0 Fighting
 + Level 7.5 Axes
 - Level 1.7 Throwing
 - Level 2.4 Dodging


You had 5 spell levels left.
You didn't know any spells.
Your spell library contained the following spells:

 Spells                   Type           Power        Failure   Level  Hunger
 Animate Skeleton         Necr           N/A          58%         1    ##.....
 Pain                     Necr           #...         58%         1    ##.....
 Regeneration             Chrm/Necr      #.........   91%         3    ####...
 Vampiric Draining        Necr           #.........   91%         3    ####...
 Animate Dead             Necr           N/A          100%        4    #####..


Dungeon Overview and Level Annotations

Branches:
Dungeon (5/15)
 Temple: D:4-7

Altars:


Innate Abilities, Weirdness & Mutations

You cannot wear boots.
Your serpentine skin is tough. (AC +2)
You have supernaturally acute eyesight. (SInv)
Armour fits poorly on your strangely shaped body.
Your system is resistant to poisons. (rPois)
You cover ground very slowly.
You have a slow metabolism.
You can spit poison.


Message History

The orc priest hits you but does no damage.
An orc wizard comes into view. It is wielding a +0 dagger.
You barely miss the orc priest. You closely miss the orc wizard.
You closely miss the orc.
The orc wizard shouts!
The orc wizard completely misses you. The orc hits you with a +0 flail.
The orc priest hits you with a +3 falchion!
The orc wizard casts a spell.
The orc wizard blinks!
You barely miss the orc priest. You barely miss the orc wizard.
You barely miss the orc.
The orc wizard hits you but does no damage.
The orc priest hits you with a +3 falchion.
The orc hits you with a +0 flail. The orc wizard barely misses you.
Your ring mail prevents you from hitting the orc priest.
You hit the orc but do no damage. You barely miss the orc wizard.
The orc priest looks braver for a moment.
The orc hits you with a +0 flail.
The orc wizard hits you but does no damage.
Are you sure you want to abandon this character and quit the game? (Confirm

...# ...#
....#
.o..#
o....+
###o....#
#oooo.!..
#@# #o#
#.# #.#
#.# #.#
#.# #.#


You could see an orc priest, 3 orc wizards and 4 orcs.

Vanquished Creatures
  Prince Ribbit (D:5)
  A scorpion (D:5)
  2 crimson imps
  A bullfrog zombie (D:4)
  2 worker ants (D:4)
  An adder (D:5)
  A leopard gecko (D:2)
  2 bats
  A hobgoblin (D:3)
  2 jackals (D:4)
  A kobold (D:3)
  A quokka (D:5)
  A ball python (D:3)
  A frilled lizard (D:5)
  A rat (D:3)
19 creatures vanquished.

Notes
Turn   | Place    | Note
-------+----------+-------------------------------------------
     0 | D:1      | Duffy the Naga Gladiator began the quest for the Orb.
     0 | D:1      | Reached XP level 1. HP: 19/19 MP: 1/1
   485 | D:3      | Reached XP level 2. HP: 14/26 MP: 2/2
   818 | D:4      | Reached skill level 4 in Axes
   818 | D:4      | Reached XP level 3. HP: 11/32 MP: 3/3
  1027 | D:5      | Entered Level 5 of the Dungeon
  1036 | D:4      | Reached skill level 5 in Axes
  1036 | D:4      | Reached XP level 4. HP: 36/39 MP: 4/4
  1046 | D:5      | Noticed Prince Ribbit
  1064 | D:5      | Killed Prince Ribbit
  1064 | D:5      | Reached skill level 6 in Axes
  1064 | D:5      | Reached XP level 5. HP: 43/45 MP: 5/5
  1064 | D:5      | Reached XP level 6. HP: 49/52 MP: 6/6
  1190 | D:5      | Reached skill level 7 in Axes
  1438 | D:4      | Noticed a phantom
  1446 | D:3      | HP: 2/52 [orc/+0 flail (1)]
  1447 | D:3      | Quit the game

Vault maps used:
D:1:      scummos_arrival_checkerplants, minmay_tree_intersection,
          minmay_misc_feat_ornament
D:2:      first_ration, makhleb_heckhound_becter
D:3:      uniq_robin
D:5:      uniq_prince_ribbit1

Skill      XL: |  1  2  3  4  5  6 |
---------------+-------------------+-----
Axes           | 4 5 6 7 |  7.5
Fighting       | |  2.0
Throwing       | |  1.7
Dodging        | |  2.4

Action                   |  1- 3 |  4- 6 || total
-------------------------+-------+-------++-------
Melee: War axe           |    32 |    23 ||    55
Throw: Throwing net      |       |     2 ||     2
 Abil: Spit Poison       |       |     6 ||     6
  Eat: Chunk             |       |     1 ||     1
Armor: Leather armour    |     9 |       ||     9
       Ring mail         |       |    14 ||    14
Dodge: Dodged            |    36 |    26 ||    62

Table legend:
 A = Non-vault XP
 B = Vault XP
 C = Vault XP percentage of total XP
 D = Non-vault monster count
 E = Vault monster count
 F = Vault count percentage of total count
                 A         B        C        D         E       F
            +---------+---------+-------+---------+---------+-------
      Total |     309 |     277 |  47.3 |      18 |       1 |   5.3
            +---------+---------+-------+---------+---------+-------
        D:1 |       2 |       0 |   0.0 |       1 |       0 |   0.0
        D:2 |       3 |       0 |   0.0 |       1 |       0 |   0.0
        D:3 |       7 |       0 |   0.0 |       5 |       0 |   0.0
        D:4 |     166 |       0 |   0.0 |       6 |       0 |   0.0
        D:5 |     131 |     277 |  67.9 |       5 |       1 |  16.7
            +---------+---------+-------+---------+---------+-------
